 Dungeon Crawl Stone Soup version 0.32-a0-699-g1ee5eff69a (webtiles) character file.

Game seed: 8836809965389105759

71 Aldia the Chopper (level 4, -3/31 (37) HPs)
             Began as a Mountain Dwarf Reaver on Mar 13, 2024.
             Slain by Edmund
             ... wielding a +0 flail of holy wrath
              (5 damage)
             ... on level 4 of the Dungeon.
             The game lasted 00:06:26 (3183 turns).

Aldia the Chopper (Mountain Dwarf Reaver)           Turns: 3183, Time: 00:06:27

HP:   -3/31 (37)    AC:  8    Str: 17    XL:     4   Next: 5%
MP:   7/7           EV:  6    Int: 13    God:
Gold: 209           SH:  0    Dex:  8    Spells: 6/7 levels left

rFire   . . .        b - +0 war axe
rCold   . . .        (no shield)
rNeg    . . .        d - +0 chain mail
rPois   .            (no helmet)
rElec   .            (no cloak)
rCorr   .            (no gloves)
SInv    .            (no boots)
Will    +....        (no amulet) Stlth
                     p - ring of wizardry
HPRegen 0.25/turn    q - ring of willpower
MPRegen 0.10/turn

%: wizardry (x1)
@: heavily drained
A: runic magic, artefact enchanting
a: no special abilities


You were on level 4 of the Dungeon.
You visited 2 branches of the dungeon, and saw 5 of its levels.

You collected 209 gold pieces.

Inventory:

Hand Weapons
 b - a +0 war axe (weapon)
Armour
 d - a +0 chain mail (worn)
Jewellery
 p - a ring of wizardry (left hand)
 q - a ring of willpower (right hand)
Scrolls
 c - a scroll of teleportation
 e - 2 scrolls of fog
 h - a scroll of revelation {unknown}
 j - a scroll of blinking {unknown}
 l - a scroll of fear {unknown}
 n - a scroll of immolation {unknown}
Potions
 f - a potion of ambrosia
 g - a potion of haste
 i - 3 potions of curing {unknown}
 k - 4 potions of brilliance
 m - a potion of mutation {unknown}
 o - 2 potions of magic {unknown}


   Skills:
 + Level 2.9 Fighting
 * Level 4.7 Axes
 + Level 1.0 Armour
 - Level 1.3 Dodging
 - Level 2.0 Spellcasting
 - Level 2.6 Conjurations
 + Level 1.5 Necromancy


You had 6 spell levels left.
You knew the following spells:

 Your Spells              Type           Power      Damage    Failure   Level
a - Kiss of Death         Conj/Necr      24%        2d7       9%          1

Your spell library contained the following spells:

 Spells                   Type           Power      Damage    Failure   Level
 Momentum Strike          Conj/Tloc      8%         3d8       16%         2
 Scorch                   Fire           2%         2d5       26%         2
 Hailstorm                Conj/Ice       4%         3d5       32%         3
 Summon Ice Beast         Ice/Summ       1%         N/A       45%         3
 Flame Wave               Conj/Fire      4%         2d5       69%         4
 Summon Mana Viper        Hex/Summ       1%         N/A       99%         5
 Summon Cactus Giant      Summ           0%         N/A       100%        6
 Monstrous Menagerie      Summ           0%         N/A       100%        7
 Chain Lightning          Conj/Air       2%         3d2       100%        9
 Fire Storm               Conj/Fire      2%         8d1       100%        9
 Shatter                  Erth           0%         3d5*      100%        9


Dungeon Overview and Level Annotations

Branches:
Dungeon (4/15)             Temple (1/1) D:4

Altars:
Ashenzari
Cheibriados
Elyvilon
Hepliaklqana
Kikubaaqudgha
Makhleb
Nemelex Xobeh
Okawaru
Sif Muna
Trog
Uskayaw
Xom
Zin
The Shining One
Beogh

Shops:
D:4 ((

Annotations:
D:3 3 runed translucent doors, crimsonchili123's ghost, amateur MDFi
D:4 Edmund; Ijyb


Innate Abilities, Weirdness & Mutations

Your spellcasting is much less encumbered by armour.
You can use scrolls of enchantment on lesser artefacts.


Message History

There is a stone staircase leading down here.
Found Juzaov's Antique Weapon Boutique.
Edmund the Younger comes into view.
He is wielding a +0 flail of holy wrath.
Edmund shouts!
You aren't carrying any items that you can evoke.
Casting: Kiss of Death (safe; 9% risk of failure)
Confirm with . or Enter, or press ? or * to list all spells.
Aiming: Kiss of Death (safe; 9% risk of failure)
Press: ? - help, Shift-Dir - straight line, f - Edmund
Aim: Edmund, wielding a +0 flail of holy wrath and wearing a +0 scale mail (100% to hit)
The fragment of death hits Edmund.
Edmund is drained!
Edmund is lightly wounded.
You feel drained. Edmund barely misses you.
Unknown command.
You closely miss Edmund.
Edmund is lightly wounded.
Edmund completely misses you.
You slash Edmund!
Edmund is moderately wounded.
Edmund hits you with a +0 flail of holy wrath!
You hit Edmund.
Edmund is heavily wounded.
Edmund hits you with a +0 flail of holy wrath!
You hit Edmund.
Edmund is heavily wounded.
Edmund asks, "Have you met my wondrous brother?"
Edmund barely misses you. x2
You hit Edmund.
Edmund is heavily wounded.
Edmund hits you with a +0 flail of holy wrath!
* * * LOW HITPOINT WARNING * * *
You hit Edmund.
Edmund is severely wounded.
Edmund hits you with a +0 flail of holy wrath.
* * * LOW HITPOINT WARNING * * *
You closely miss Edmund.
Edmund is severely wounded.
Edmund hits you with a +0 flail of holy wrath.
You die...
Edmund whines, "They better pay attention to me now!"

#........## #..
##......## #.## #
##....##
####.#############
##..##
###.................
..##
##.......############
..# ##.........#
.#####.........##
#..........##
......@@...#
......:...##
.........##
......∩..# #.......##
####....# ####.# #..
.......


You could see Edmund (drained).

Vanquished Creatures
  2 adders (D:2)
  A ribbon worm (D:3)
  5 orcs (D:3)
  5 bats
  2 endoplasms
  A giant cockroach (D:1)
  7 hobgoblins (D:1)
  2 jackals (D:3)
  3 quokkas
  3 ball pythons
  2 frilled lizards
  5 kobolds
  8 rats
46 creatures vanquished.

Notes
Turn   | Place    | Note
-------+----------+-------------------------------------------
     0 | D:1      | Aldia the Mountain Dwarf Reaver began the quest for the
                  | Orb.
     0 | D:1      | Reached XP level 1. HP: 17/17 MP: 3/3
   334 | D:1      | Reached XP level 2. HP: 11/25 MP: 4/4
   337 | D:1      | Reached skill level 4 in Axes
   611 | D:1      | Reached skill level 1 in Necromancy
  1315 | D:2      | Reached XP level 3. HP: 27/30 MP: 6/6
  1506 | D:2      | Found a faded altar of an unknown god.
  2341 | D:3      | Found a hazy altar of Hepliaklqana.
  2342 | D:3      | Found a shimmering altar of Xom.
  2342 | D:3      | Noticed a sky beast
  2343 | D:3      | Noticed a spectral ugly thing
  2441 | D:3      | Noticed crimsonchili123's ghost (amateur MDFi)
  2461 | D:3      | Reached skill level 1 in Armour
  2473 | D:3      | Reached XP level 4. HP: 33/37 MP: 7/7
  2771 | D:3      | Found a runed translucent gate.
  2772 | D:3      | Found a runed translucent gate.
  2773 | D:3      | Found a runed translucent gate.
  2779 | D:3      | Found a roughly hewn altar of Beogh.
  2873 | D:4      | Found a staircase to the Ecumenical Temple.
  2887 | Temple   | Entered the Ecumenical Temple
  2966 | D:4      | Found Tim Rem's Firing Range.
  3063 | D:4      | Noticed Ijyb
  3170 | D:4      | Found Juzaov's Antique Weapon Boutique.
  3172 | D:4      | Noticed Edmund
  3183 | D:4      | Slain by Edmund

Illustrated notes

Levels and vault maps discovered:
D:1:      dpeg_arrival_yet_another_circle, layout_basic, serial_forest,
          infiniplex_forest_end_2, infiniplex_forest_clump_long,
          infiniplex_forest_straight_3, infiniplex_forest_pool,
          infiniplex_forest_clump_diagonal, infiniplex_forest_clump_large,
          infiniplex_forest_side_room, grunt_decor_mini_mirrors
D:2:      layout_loops_ring, shapermc_ecumenical_altar_pompeii, kennysheep_boxes
D:3:      layout_basic, regret_index_temple_of_mockery,
          biasface_ghost_orc_armoury
D:4:      layout_cave_pods, nicolae_overflow_squiral,
          minmay_temple_entry_statues_fountains, serial_shops, shop,
          nicolae_shop_firing_range, uniq_robin, uniq_pikel, uniq_edmund,
          uniq_ijyb
Temple:   nicolae_temple_bog_church

Skill      XL: |  1  2  3 |
---------------+----------+-----
Axes           | 4 |  4.7
Spellcasting   | 2 |  2.0
Necromancy     | 1 |  1.5
Armour         | 1 |  1.0
Fighting       | |  2.9
Dodging        | |  1.3
Conjurations   | |  2.6

Action                     |  1- 3 |  4- 6 || total
---------------------------+-------+-------++-------
  Melee: Hand axe          |   237 |    15 ||   252
         War axe           |       |    10 ||    10
         Unarmed           |       |     3 ||     3
   Cast: Kiss of Death     |       |     1 ||     1
    Use: Scroll            |     4 |     1 ||     5
 Armour: Leather armour    |    29 |       ||    29
         Chain mail        |   103 |    18 ||   121
         Skin              |       |     1 ||     1
  Dodge: Dodged            |    65 |    15 ||    80

Table legend: (Time is in decaauts)
 A = Elapsed time spent in this place.
 B = Non-inter-level travel time spent in this place.
 C = Inter-level travel time spent in this place.
 D = Time resting spent in this place.
 E = Time spent auto-exploring this place.
 F = Levels seen in this place.
 G = Mean time per level.
                   A        B        C        D        E       F      G
               +--------+--------+--------+--------+--------+-----+--------+
         Total |   3219 |   3056 |    163 |      0 |   2439 |   5 |  643.8 |
       Dungeon |   3218 |   3055 |    163 |      0 |   2439 |   4 |  804.5 |
        Temple |      1 |      1 |      0 |      0 |      0 |   1 |    1.0 |
               +--------+--------+--------+--------+--------+-----+--------+

Top non-repeatable levels by time:
     D:1: 1158 daAuts
     D:2: 884 daAuts
     D:3: 839 daAuts
     D:4: 335 daAuts
  Temple: 1 daAuts
